 Dungeon Sprint DCSS version 0.19.1-1-g22dce08 (webtiles) character file.

66 Groucho the Basher (level 7, -17/48 HPs)
             Began as a Gargoyle Gladiator on Jan 1, 2017.
             Was a Follower of Okawaru.
             Demolished by a tyrant leech (20 damage)
             ... in the Dungeon (Sprint VI: "Thunderdome").
             The game lasted 00:03:09 (600 turns).

Groucho the Basher (Gargoyle Gladiator)              Turns: 600, Time: 00:03:09

Health: -17/48     AC: 11    Str: 21    XL:     7   Next: 30%
Magic:  6/7        EV: 14    Int:  8    God:    Okawaru [*.....]
Gold:   165        SH:  0    Dex: 10    Spells: 0 memorised, 6 levels left

rFire  . . .     SeeInvis .     a - +0 flail
rCold  . . .     Gourm    .     b - +0 leather armour
rNeg   + . .     Faith    .     (no shield)
rPois  ∞         Spirit   .     c - +0 helmet
rElec  +         Reflect  .     p - +0 cloak
rCorr  .         Harm     .     (no gloves)
MR     .....     NoTele   +     (no boots)
Stlth  +.........               (no amulet)
                                (no ring)
                                (no ring)

@: no status effects
A: negative energy resistance 1, electricity resistance, unbreathing,
petrification resistance, rot immunity, AC +4
a: Heroism, Renounce Religion


You were in the Dungeon.
You worshipped Okawaru.
Okawaru was aware of your devotion.
You were not hungry.

You visited 1 branch You collected 300 gold pieces.
You spent 135 gold pieces at shops.

Inventory:

Hand Weapons
 a - a +0 flail (weapon)
Missiles
 d - 3 throwing nets (quivered)
Armour
 b - a +0 leather armour (worn)
 c - a +0 helmet (worn)
 p - a +0 cloak (worn)
Jewellery
 q - the amulet "Kuthrox" {Faith rC+ MR++ Stlth+, unknown}
   (You bought it in a shop in the Dungeon)

   [amulet of faith]

   It allows you to gain divine favour quickly.
   It protects you from cold.
   It affects your resistance to hostile enchantments.
   It makes you more stealthy.
 r - the cursed ring "Weriutem" {Str-2 Dex+4, unknown}
   (You bought it in a shop in the Dungeon)

   [ring of strength]

   It affects your strength (-2).
   It affects your dexterity (+4).
   It has a curse placed upon it.
 s - the ring "Nuynieh" {rElec rPois rN+ Str+3 Dex+4, unknown}
   (You bought it in a shop in the Dungeon)

   [ring of strength]

   It affects your strength (+3).
   It affects your dexterity (+4).
   It insulates you from electricity.
   It protects you from poison.
   It protects you from negative energy.
Wands
 l - a wand of acid (5/15)
 m - a wand of iceblast (5/15)
Scrolls
 k - 4 scrolls of blinking
 n - 3 scrolls of fog
Potions
 e - a potion of curing
 g - a potion of heal wounds
 h - 4 potions of haste
 i - 2 potions of magic
 j - a potion of lignification {unknown}
 o - a potion of resistance
Comestibles
 f - a bread ration


   Skills:
 + Level 7.9 Fighting
 * Level 10.2 Maces & Flails
 - Level 1.7 Throwing
 + Level 7.3 Armour
 + Level 6.1 Dodging


You had 6 spell levels left.
You didn't know any spells.

Dungeon Overview and Level Annotations

Branches:
Dungeon (1/1)

Altars:
Cheibriados
Dithmenos
Fedhas
Gozag
Kikubaaqudgha
Makhleb
Okawaru
Qazlal
Ru
Sif Muna
Trog
Uskayaw
Vehumet
Xom
Yredelemnul
Zin
The Shining One
Beogh
Jiyva
Lugonu

Shops:
D *[%??*?*:[((!!!!


Innate Abilities, Weirdness & Mutations

You are resistant to torment.
Your stone body is resilient. (AC +4)
You are immune to poison.
You resist negative energy. (rN+)
You are resistant to electric shocks. (rElec)
You can survive without breathing.
You are immune to petrification.
You are immune to rotting.


Message History

You closely miss the tyrant leech.
The tyrant leech is moderately wounded.
The insubstantial wisp gives a chilling moan.
The tyrant leech bites you.
You sock the tyrant leech!
The tyrant leech is heavily wounded.
The four-headed hydra bites you but does no damage.
The four-headed hydra closely misses you.
The four-headed hydra bites you!
* * * LOW HITPOINT WARNING * * *
The four-headed hydra closely misses you.
You miss the tyrant leech.
The tyrant leech is heavily wounded.
The four-headed hydra bites you but does no damage.
The four-headed hydra bites you!
* * * LOW HITPOINT WARNING * * *
The four-headed hydra bites you but does no damage.
The four-headed hydra barely misses you.
The tyrant leech bites you!!
You die...

##### ##⌠⌠⌠## #.....# ##.....##
##∩.....∩## #∩.......∩#
#_....w.._# #_...D@.._#
#_........# ###.........###
#⌠...........⌠#
######.8.v.......8.######
##∩___......###......___∩##
###∩...)....8.# #.8........∩###
#.......†.....###...†.........##
⌠..........###...###..........⌠#


You could see a four-headed hydra, a tyrant leech and an insubstantial wisp.

Vanquished Creatures
  A floating eye (D)
  A necrophage (D)
  A bullfrog (D)
  A wight (D)
  5 jellies (D)
  A hound (D)
  Crazy Yiuf (D)
  A gnoll shaman (D)
  2 gnolls (D)
  A bat skeleton (D)
  A giant cockroach zombie (D)
  A quokka zombie (D)
17 creatures vanquished.

Notes
Turn   | Place    | Note
-------+----------+-------------------------------------------
     0 | D        | Groucho the Gargoyle Gladiator began the quest for the Orb.
     0 | D        | Reached XP level 1. HP: 12/12 MP: 1/1
     1 | D        | Found a viscous altar of Jiyva.
     2 | D        | Found a shimmering altar of Xom.
     2 | D        | Found a roughly hewn altar of Beogh.
     3 | D        | Found a shadowy altar of Dithmenos.
     3 | D        | Found a glowing golden altar of the Shining One.
     4 | D        | Found a sacrificial altar of Ru.
     4 | D        | Found a radiant altar of Vehumet.
     4 | D        | Found Opuese Neqi's Staff Store.
     4 | D        | Found Tafeuts's Magic Scroll Shop.
     5 | D        | Found a basalt altar of Yredelemnul.
     5 | D        | Found Juomarche's Must-Have Magic.
     5 | D        | Found Qedowuef's Magic Scroll Shop.
     5 | D        | Round 1.
    21 | D        | Found a snail-covered altar of Cheibriados.
    25 | D        | Found a hide-covered altar of Uskayaw.
    25 | D        | Found a glowing silver altar of Zin.
    25 | D        | Found Ywookiom's Bee Food.
    25 | D        | Found Hirylotu's Jewellery.
    26 | D        | Found Ixtet Othru's Advanced Armour.
    41 | D        | Reached skill level 4 in Maces & Flails
    41 | D        | Reached skill level 1 in Armour
    41 | D        | Reached XP level 2. HP: 10/19 MP: 2/2
    50 | D        | Found an opulent altar of Gozag.
    50 | D        | Found Maorph's Identification Station.
    53 | D        | Noticed Crazy Yiuf
    54 | D        | Found a blossoming altar of Fedhas.
    55 | D        | Found a bloodstained altar of Trog.
    56 | D        | Found a burning altar of Makhleb.
    57 | D        | Found Kamef's Premium Goods.
    58 | D        | Found an ancient bone altar of Kikubaaqudgha.
    58 | D        | Found a corrupted altar of Lugonu.
    58 | D        | Found a deep blue altar of Sif Muna.
    58 | D        | Found Devvoerchoi's Weapon Rack.
    58 | D        | Found Xien's Miscellaneous Merchandise.
    58 | D        | Found Buvolul's Basic Armour.
    62 | D        | Found an iron altar of Okawaru.
    64 | D        | Found a stormy altar of Qazlal.
    65 | D        | Found Raug Jiq's Do-It-Yourself Clinic.
    66 | D        | Found Pahoal's Bottled Wisdom.
    66 | D        | Found Huaboc's Distillery.
    66 | D        | Found Hiabofy's Distillery.
   101 | D        | Became a worshipper of Warmaster Okawaru
   104 | D        | Reached skill level 5 in Maces & Flails
   104 | D        | Reached XP level 3. HP: 22/24 MP: 3/3
   107 | D        | Killed Crazy Yiuf
   107 | D        | Reached XP level 4. HP: 28/30 MP: 4/4
   147 | D        | Arena points: 12 (+12) [x2]
   147 | D        | Reached skill level 5 in Fighting
   147 | D        | Reached skill level 6 in Maces & Flails
   185 | D        | Bought a bound graven amulet for 45 gold pieces
   185 | D        | Bought a faintly glowing pewter ring for 45 gold pieces
   185 | D        | Bought a pitted lead ring for 45 gold pieces
   191 | D        | Round 2.
   208 | D        | Reached * piety under Okawaru
   208 | D        | Reached skill level 7 in Maces & Flails
   208 | D        | Reached XP level 5. HP: 15/35 MP: 5/5
   229 | D        | Noticed a necrophage
   234 | D        | Killed a necrophage
   234 | D        | Reached skill level 8 in Maces & Flails
   234 | D        | Reached skill level 5 in Armour
   234 | D        | Reached skill level 5 in Dodging
   234 | D        | Reached XP level 6. HP: 22/42 MP: 6/6
   313 | D        | Noticed a phantom
   318 | D        | Arena points: 24 (+12) [x1]
   333 | D        | Round 3.
   462 | D        | Reached skill level 9 in Maces & Flails
   466 | D        | Noticed a floating eye
   468 | D        | Paralysed by a floating eye for 3 turns
   473 | D        | Killed a floating eye
   473 | D        | Arena points: 66 (+42) [x2]
   473 | D        | Reached XP level 7. HP: 20/48 MP: 7/7
   521 | D        | Round 4.
   571 | D        | Reached skill level 10 in Maces & Flails
   576 | D        | Noticed a tyrant leech
   591 | D        | Noticed a four-headed hydra
   597 | D        | Noticed an insubstantial wisp
   600 | D        | Demolished by a tyrant leech

Skill      XL: |  1  2  3  4  5  6  7 |
---------------+----------------------+-----
Fighting       | 3 4 5 6 7 |  7.9
Maces & Flails | 4 5 7 8 9 10 | 10.2
Armour         | 1 3 4 5 7 |  7.3
Dodging        | 3 4 5 6 |  6.1
Throwing       | |  1.7

Action                   |  1- 3 |  4- 6 |  7- 9 || total
-------------------------+-------+-------+-------++-------
Melee: Flail             |    26 |    47 |    26 ||    99
Invok: Heroism           |       |       |     1 ||     1
  Use: Potion            |     3 |       |     1 ||     4
Armor: Leather armour    |     5 |    17 |     7 ||    29
Dodge: Dodged            |    19 |    25 |    14 ||    58
